 Dungeon Crawl Stone Soup version 0.30.0-5-g1a98f26d00 (webtiles) character file.

Game seed: 12296899187600276169

44 CaptainMV the Stinger (level 3, -5/26 HPs)
             Began as a Draconian Venom Mage on May 12, 2023.
             Slain by a gnoll
             ... wielding a +0 flail
              (8 damage)
             ... on level 2 of the Dungeon.
             The game lasted 00:06:44 (1074 turns).

CaptainMV the Stinger (Draconian Venom Mage)        Turns: 1074, Time: 00:06:44

Health: -5/26      AC:  5    Str: 10    XL:     3   Next: 41%
Magic:  4/6        EV: 12    Int: 17    God:
Gold:   31         SH:  0    Dex: 11    Spells: 5/6 levels left

rFire   . . .        b - +0 short sword
rCold   . . .        d - orb {*channel}
rNeg    . . .        (body armour unavailable)
rPois   .            (helmet restricted)
rElec   .            (no cloak)
rCorr   .            (no gloves)
SInv    .            (no boots)
Will    .....        (no amulet)
Stlth   ++           (no ring)
HPRegen 0.24/turn    (no ring)
MPRegen 0.10/turn

%: channel magic (20%)
@: very slightly contaminated
A: AC +5, unfitting armour, cold-blooded
a: no special abilities


You were on level 2 of the Dungeon.
You visited 1 branch of the dungeon, and saw 2 of its levels.

You collected 31 gold pieces.

Inventory:

Hand Weapons
 b - a +0 short sword (weapon)
Armour
 d - an orb of energy (worn)
Jewellery
 c - a ring of protection from fire
Potions
 a - a potion of magic


   Skills:
 + Level 0.5 Short Blades
 + Level 2.1 Dodging
 + Level 2.1 Stealth
 + Level 2.4 Spellcasting
 + Level 1.2 Transmutations
 + Level 3.5 Poison Magic


You had 5 spell levels left.
You knew the following spells:

 Your Spells              Type           Power      Damage    Failure   Level
a - Sting                 Tmut/Pois      40%        1d5       19%         1

Your spell library contained the following spells:

 Spells                   Type           Power      Damage    Failure   Level
 Poisonous Vapours        Pois/Air       16%        N/A       32%         2
 Mephitic Cloud           Conj/Pois/Air  6%         N/A       56%         3
 Olgreb's Toxic Radiance  Pois           14%        N/A       61%         4


Dungeon Overview and Level Annotations

Branches:
Dungeon (2/15)

Altars:


Innate Abilities, Weirdness & Mutations

Your plain brown scales are hard. (AC +5)
You cannot fit into any form of body armour.
You are cold-blooded and may be slowed by cold attacks.


Message History

Aim: a gnoll, wielding a +0 flail and wearing a +0 ring mail (79% to hit)
You miscast Sting.
Nothing appears to happen.
Magical energy flows into your mind!
Casting: Sting (safe; 19% risk of failure)
Confirm with . or Enter, or press ? or * to list all spells.
Aiming: Sting (safe; 19% risk of failure)
Press: ? - help, Shift-Dir - straight line, f/p - gnoll
Aim: a gnoll, wielding a +0 flail and wearing a +0 ring mail (79% to hit)
The sting misses the gnoll.
The sting hits the gnoll but does no damage.
The gnoll is poisoned.
The gnoll hits you with a +0 flail.
A rat comes into view.
Unknown command.
Casting: Sting (safe; 19% risk of failure)
Confirm with . or Enter, or press ? or * to list all spells.
Aiming: Sting (safe; 19% risk of failure)
Press: ? - help, Shift-Dir - straight line, f/p - gnoll
Aim: a gnoll, wielding a +0 flail and wearing a +0 ring mail (79% to hit)
The sting hits the gnoll.
The gnoll is poisoned.
The gnoll is moderately wounded.
The gnoll hits you with a +0 flail!
You hit the gnoll but do no damage.
You tail-slap the gnoll, but do no damage.
The gnoll is heavily wounded.
The gnoll hits you with a +0 flail. The gnoll closely misses you.
You barely miss the gnoll.
Your tail-slap misses the gnoll.
The gnoll is heavily wounded.
The gnoll barely misses you. The gnoll closely misses you.
A gnoll comes into view. It is wielding a +0 club.
The gnoll shouts!
You hit the gnoll but do no damage. You tail-slap the gnoll.
The gnoll is severely wounded.
The gnoll misses you. The gnoll hits you with a +0 flail.
You hit the gnoll but do no damage.
The gnoll is severely wounded.
The gnoll completely misses you. The gnoll hits you with a +0 flail!
The gnoll looks more healthy.
The gnoll hits you with a +0 flail.
* * * LOW HITPOINT WARNING * * *
The gnoll hits you with a +0 flail!
You die...

.# .# .#
###.###
..... #..#
#######g.#
.....rg..#
...###g@.#
#...#
#...#
#...#
#...#
#...#
######...#
.........#
#######..#


You could see 3 gnolls and a rat.

Vanquished Creatures
  2 worms (D:2)
  2 dart slugs (D:1)
  5 endoplasms
  A giant cockroach (D:1)
  3 goblins
  4 hobgoblins
  2 quokkas
  4 ball pythons (D:1)
  4 bats (D:1)
  3 frilled lizards (D:1)
  2 kobolds (D:1)
  2 rats (D:1)
34 creatures vanquished.

Notes
Turn   | Place    | Note
-------+----------+-------------------------------------------
     0 | D:1      | CaptainMV the Draconian Venom Mage began the quest for the
                  | Orb.
     0 | D:1      | Reached XP level 1. HP: 14/14 MP: 3/3
   219 | D:1      | Reached XP level 2. HP: 20/20 MP: 5/5
   730 | D:1      | Reached XP level 3. HP: 25/26 MP: 6/6
  1074 | D:2      | Slain by a gnoll

Illustrated notes

Levels and vault maps discovered:
D:1:      dpeg_cavernosity, layout_basic
D:2:      layout_basic, serial_shops, nicolae_shop_hallway_plus,
          kennysheep_generic_room_10, uniq_jessica, uniq_sigmund

Skill      XL: |  1  2 |
---------------+-------+-----
Stealth        | 2 |  2.1
Dodging        | 2 |  2.1
Short Blades   | |  0.5
Spellcasting   | |  2.4
Transmutations | |  1.2
Poison Magic   | |  3.5

Action                     || total
---------------------------++-------
  Melee: Short sword       ||    99
         Unarmed           ||     8
         Tailslap          ||     7
   Cast: Sting             ||    24
    Use: Scroll            ||     2
   Stab: Sleeping          ||     2
 Armour: Skin              ||    30
  Dodge: Dodged            ||    76
